 Dungeon Crawl Stone Soup version 0.26-a0-20-g5f92b90fa0 (webtiles) character file.

Game seed: 13485619752764490616, levelgen mode: deterministic

32669 Lugonue the Spear-Bearer (level 13, -4/86 HPs)
             Began as a Merfolk Gladiator on May 22, 2020.
             Was a Believer of Vehumet.
             Slain by a spatial maelstrom (12 damage)
             ... on level 3 of the Abyss on May 25, 2020.
             The game lasted 00:52:32 (21151 turns).

Lugonue the Spear-Bearer (Merfolk Gladiator)       Turns: 21151, Time: 00:52:32

Health: -4/86      AC: 16    Str: 15      XL:     13   Next: 66%
Magic:  24/24      EV: 16    Int: 12      God:    Vehumet [**....]
Gold:   821        SH:  0    Dex: 10 (11) Spells: 14/27 levels left

rFire    + . .     SeeInvis +   r - +3 spear (venom)
rCold    + . .     Gourm    .   (no shield)
rNeg     . . .     Faith    .   D - +5 steam dragon scales (curse)
rPois    +         Spirit   .   L - +2 helmet {SInv}
rElec    +         Reflect  .   (no cloak)
rCorr    +         Harm     .   (no gloves)
MR       .....     Rnd*Rage +   V - +1 pair of boots
Stlth    +++.......             S - amulet of regeneration
HPRegen  0.64/turn              U - ring of poison resistance
MPRegen  0.19/turn              y - ring of wizardry

@: resistant, studying Fighting, silenced
A: change form in water, swift swim, stealthy swim, [berserk 2], [blurry vision
2], [clumsy 2], [deterioration 2], [frail 2], [screaming 3]
a: Renounce Religion


You were on level 3 of the Abyss.
You worshipped Vehumet.
Vehumet was pleased with you.
You were not hungry.

You visited 4 branches of the dungeon, and saw 19 of its levels.
You visited the Abyss 1 time.

You collected 1276 gold pieces.
You spent 455 gold pieces at shops.

Inventory:

Hand Weapons
 a - a +0 trident
 r - a +3 spear of venom (weapon)
Missiles
 d - 2 throwing nets
 n - 41 poisoned darts (quivered)
 w - 7 boomerangs of dispersal
Armour
 c - a +1 helmet
 g - a +0 troll leather armour
 D - cursed +5 steam dragon scales (worn)
 E - a +0 leather armour of poison resistance
 L - a +2 helmet of see invisible (worn)
 V - a +1 pair of boots (worn)
Magical Staves
 K - an uncursed staff of conjuration
Jewellery
 i - the ring of Noall {*Tele rF+ rC- Str+3}
   (You found it on level 3 of the Lair of Beasts)

   [ring of teleportation]

   It may teleport you next to monsters.
   It affects your strength (+3).
   It protects you from fire.
   It makes you vulnerable to cold.
 y - a ring of wizardry (right hand)
 J - an uncursed ring of protection from fire
 N - an uncursed ring of protection from cold
 S - an amulet of regeneration (around neck)
 U - a ring of poison resistance (left hand)
Wands
 b - a wand of flame (85)
 t - a wand of acid (14)
 v - a wand of paralysis (1)
 H - a wand of polymorph (11)
 M - a wand of clouds (3)
Scrolls
 e - a scroll of fog
 j - a scroll of magic mapping
 l - 8 scrolls of remove curse
 p - 4 scrolls of amnesia
 q - a scroll of noise
 s - 4 scrolls of enchant weapon
 B - 5 scrolls of teleportation
 G - 8 scrolls of identify
 I - a scroll of blinking
 Q - a scroll of random uselessness
Potions
 h - 4 potions of stabbing
 o - a potion of brilliance
 u - 2 potions of ambrosia
 x - 5 potions of mutation
 C - a potion of invisibility
 P - a potion of resistance
Books
 F - a manual of Fighting
Comestibles
 f - 37 rations


   Skills:
 + Level 12.0 Fighting
 - Level 14.0 Polearms
 - Level 7.4 Throwing
 - Level 6.2 Armour
 + Level 10.2 Dodging
 - Level 5.7 Stealth
 + Level 7.9 Spellcasting
 + Level 5.8 Transmutations
 - Level 10.0 Poison Magic


You had 14 spell levels left.
You knew the following spells:

 Your Spells              Type           Power        Failure   Level  Hunger
a - Olgreb's Toxic Radia  Pois           ####....     1%          4    ####...
b - Ignite Poison         Fire/Tmut/Pois ###.....     1%          3    ##.....
c - Mephitic Cloud        Conj/Pois/Air  ##......     4%          3    ##.....
d - Stone Arrow           Conj/Erth      #.....       17%         3    ##.....

Your spell library contained the following spells:

 Spells                   Type           Power        Failure   Level  Hunger
 Beastly Appendage        Tmut           ###...       1%          1    None
 Sting                    Tmut/Pois      ###.         1%          1    None
 Poisonous Vapours        Pois/Air       ###...       1%          2    #......
 Sticks to Snakes         Tmut           ###.....     1%          2    #......
 Spider Form              Tmut/Pois      ###.......   1%          3    ##.....
 Foxfire                  Conj/Fire      #...         6%          1    None
 Blade Hands              Tmut           ###.......   16%         5    ######.
 Ice Form                 Ice/Tmut       ##......     17%         4    ####...
 Sticky Flame             Conj/Fire      #.......     50%         4    ####...
 Bolt of Magma            Conj/Fire/Erth #.........   82%         5    ######.
 Iskenderun's Battlesphe  Conj/Chrm      #.......     82%         5    ######.
 Iron Shot                Conj/Erth      #.........   100%        6    #######
 Orb of Destruction       Conj           #.........   100%        7    #######
 Spellforged Servitor     Conj/Summ      #.........   100%        7    #######
 Ignition                 Fire           #.........   100%        8    #######


Dungeon Overview and Level Annotations

Branches:
Dungeon (13/15)            Temple (1/1) D:5            Lair (4/6) D:9
 Shoals (1/4) Lair:4       Spider (0/4) Lair:4          Orc (0/2) D:9
 Vaults: D:13-14

Altars:
Ashenzari
Cheibriados
Dithmenos
Elyvilon
Fedhas
Gozag
Hepliaklqana
Kikubaaqudgha
Makhleb
Nemelex Xobeh
Okawaru
Qazlal
Ru
Sif Muna
Trog
Uskayaw
Vehumet
Wu Jian
Xom
Yredelemnul
Zin
The Shining One

Shops:
D:4 =   D:5 (   D:6 *   D:11 *=*

Annotations:
D:6 2 transporters, Vilnix42's ghost, novice DrTm
Lair:2 exclusion: hydra


Innate Abilities, Weirdness & Mutations

You revert to your normal form in water.
You are very nimble and swift while swimming.
You are very stealthy in the water. (Stealth+)
[You often lose your temper in combat.]
[Scrolls take you longer to read.]
[You are very clumsy. (Dex -4)]
[Your body often deteriorates upon taking damage.]
[You are very frail. (-20% HP)]
[You frequently scream uncontrollably at your foes.]


Message History

A spatial vortex comes into view.
The spatial maelstrom hits you. Space bends around you.
The spatial maelstrom closely misses you.
A spatial vortex comes into view.
Unknown command.
The wretched star pulses with an eldritch light!
Your vision blurs. x2
You feel a scream rip itself from your throat, but you make no sound!
A spatial vortex comes into view.
You hit the spatial vortex.
The spatial vortex is lightly damaged.
The spatial maelstrom hits you!
* * * LOW HITPOINT WARNING * * *
Your body deteriorates!
You feel clumsy. Space bends around you.
* * * LOW HITPOINT WARNING * * *
The spatial maelstrom hits you.
* * * LOW HITPOINT WARNING * * *
Space warps horribly around you!
You die...

#.....##v###.......
#.#..v..#..#........
##...##.....#. .....
# ## ##*W........#
#...#..###...## ##
##..#v....#.
#......v...
##v..v.....
#@#.......
#v#.....#. ##.#...##
#.....# .......
...... ...... ...


You could see a spatial maelstrom, a wretched star, 4 spatial vortices and a
silent spectre (silencing).

Vanquished Creatures
  A merfolk impaler (Shoals:1)
  A centaur warrior (D:9)
  3 two-headed ogres
  An unseen horror (D:11)
  2 sea snakes (Shoals:1)
  4 lindwurms (Lair:3)
  3 fauns (Shoals:1)
  3 cyclopes
  An ugly thing (D:12)
  4 manticores
  A centaur zombie (D:11)
  A merfolk siren (Shoals:1)
  2 water nymphs (Shoals:1)
  A black mamba (Lair:1)
  4 gargoyles (D:12)
  2 spiny frogs
  Maggie (Lair:2)
  2 komodo dragons (Lair:1)
  2 rime drakes
  An efreet (D:13)
  A merfolk (Shoals:1)
  2 trolls
  Prince Ribbit (D:6)
  2 wind drakes (Shoals:1)
  7 dream sheep (Shoals:1)
  4 blink frogs (Lair:3)
  3 slime creatures (D:12)
  6 hippogriffs
  5 wyverns
  A redback (Lair:4)
  3 basilisks
  A human (D:7)
  4 hogs (D:7)
  A steam dragon (D:12)
  16 yaks
  Grum (D:9)
  3 hungry ghosts
  Duvessa (D:4)
  6 water moccasins
  2 orc warriors
  5 porcupines
  An ice beast (D:10)
  3 sky beasts
  2 phantoms
  7 ogres
  3 black bears
  7 wolves
  4 centaurs
  5 crocodiles
  Blork the orc (D:4)
  2 big kobolds (D:11)
  2 wyvern zombies
  17 bullfrogs
  Dowan (D:4)
  2 scorpions
  6 wights
  2 howler monkeys
  6 crimson imps
  A quasit (D:12)
  3 hounds
  3 orc priests
  2 jellies
  2 bullfrog skeletons
  4 iguanas
  5 orc wizards
  A small abomination (Abyss:3)
  9 worker ants
  A hound zombie (D:5)
  2 hound skeletons
  A worker ant zombie (D:5)
  A howler monkey skeleton (D:11)
  14 adders
  8 gnolls
  3 shadow imps
  2 oozes
  An adder skeleton (D:6)
  2 worms
  A dart slug (D:3)
  6 leopard geckos
  20 orcs
  6 ball pythons
  9 giant cockroaches
  10 goblins
  10 hobgoblins
  19 jackals
  5 quokkas
  A ball python skeleton (D:5)
  4 bats
  5 frilled lizards
  2 jackal skeletons
  A jackal zombie (D:8)
  18 kobolds
  10 rats
  A fungus (D:9)
379 creatures vanquished.

Vanquished Creatures (others)
  2 fungi
2 creatures vanquished.

Grand Total: 381 creatures vanquished

Notes
Turn   | Place    | Note
-------+----------+-------------------------------------------
     0 | D:1      | Lugonue the Merfolk Gladiator began the quest for the Orb.
     0 | D:1      | Reached XP level 1. HP: 16/16 MP: 1/1
    97 | D:1      | Reached XP level 2. HP: 22/22 MP: 2/2
   402 | D:1      | Reached skill level 5 in Polearms
   624 | D:1      | Reached XP level 3. HP: 28/28 MP: 3/3
  1488 | D:2      | Reached XP level 4. HP: 11/34 MP: 4/4
  1909 | D:2      | Reached skill level 6 in Polearms
  2659 | D:2      | Reached skill level 1 in Stealth
  2899 | D:3      | Reached XP level 5. HP: 39/39 MP: 5/5
  2963 | D:3      | Reached skill level 5 in Dodging
  3726 | D:4      | Found Irenneru's Jewellery Boutique.
  3750 | D:4      | Reached skill level 7 in Polearms
  3965 | D:4      | Noticed Duvessa
  3969 | D:4      | Noticed Dowan
  3972 | D:4      | Reached XP level 6. HP: 46/47 MP: 6/6
  4000 | D:4      | Killed Duvessa
  4000 | D:4      | Reached skill level 8 in Polearms
  4000 | D:4      | Reached skill level 1 in Armour
  4249 | D:4      | Killed Dowan
  4249 | D:4      | Reached XP level 7. HP: 52/52 MP: 7/7
  4419 | D:4      | Reached skill level 9 in Polearms
  4634 | D:4      | Noticed Blork the orc
  4658 | D:4      | Killed Blork the orc
  5104 | D:5      | Entered Level 5 of the Dungeon
  5545 | D:5      | Found Opryos's Weapon Emporium.
  5811 | D:5      | Reached XP level 8. HP: 52/59 MP: 8/8
  5980 | D:5      | Reached skill level 10 in Polearms
  6068 | D:5      | Found a staircase to the Ecumenical Temple.
  6288 | D:6      | Found a shimmering altar of Xom.
  6586 | D:6      | Noticed Prince Ribbit
  6601 | D:6      | Reached skill level 11 in Polearms
  6619 | D:6      | Killed Prince Ribbit
  6619 | D:6      | Reached XP level 9. HP: 46/66 MP: 9/9
  6798 | D:6      | Found a transporter.
  6800 | D:6      | Found a transporter.
  6801 | D:6      | Noticed Vilnix42's ghost (novice DrTm)
  6988 | D:6      | Found Pun Qozeint's Assorted Antiques.
  6991 | D:6      | Bought a scroll labeled ZIYBUECAIPS for 23 gold pieces
  6991 | D:6      | Bought a purple potion for 20 gold pieces
  6991 | D:6      | Bought a scroll labeled ZYGHYM NAPERREPOI for 23 gold
                  | pieces
  7423 | D:7      | Reached skill level 12 in Polearms
  8098 | D:7      | Reached skill level 5 in Throwing
  8109 | D:7      | Reached skill level 5 in Fighting
  8109 | D:7      | Reached skill level 13 in Polearms
  8339 | D:8      | Reached XP level 10. HP: 65/74 MP: 10/10
  8610 | D:8      | You fall into a shaft and drop 2 floors!
  8610 | D:10     | Entered Level 10 of the Dungeon
  9346 | D:10     | Identified a scroll of acquirement
  9760 | D:11     | Noticed a two-headed ogre
  9779 | D:11     | Killed a two-headed ogre
  9779 | D:11     | Reached skill level 5 in Armour
 10033 | D:11     | Found Xujif's Jewellery Boutique.
 10108 | D:11     | Found Oreder's Assorted Antiques.
 10149 | D:11     | Killed an unseen horror
 10414 | D:11     | Bought a scroll of identify for 58 gold pieces
 10442 | D:11     | Reached skill level 14 in Polearms
 10483 | D:11     | Upgraded the game from 0.25-a0-1133-g93ebf739aa to
                  | 0.26-a0-20-g5f92b90fa0
 10590 | D:11     | Got a pair of dazzling boots
 10596 | D:11     | Identified the -3 pair of boots of Life {+Inv} (You found
                  | it on level 11 of the Dungeon)
 10948 | D:11     | Noticed a cyclops
 11200 | D:11     | Killed a cyclops
 11200 | D:11     | Reached skill level 5 in Stealth
 11200 | D:11     | Reached XP level 11. HP: 73/84 MP: 11/11
 11415 | D:11     | Found Wafea's Assorted Antiques.
 11423 | D:11     | Bought a scroll of blinking for 292 gold pieces
 11518 | D:11     | Bought a scroll labeled COTORI YPPEM for 39 gold pieces
 12246 | D:12     | Noticed a two-headed ogre
 12271 | D:12     | Killed a two-headed ogre
 12542 | D:12     | Learned a level 4 spell: Olgreb's Toxic Radiance
 12603 | D:12     | Reached skill level 1 in Poison Magic
 13000 | D:9      | Found a staircase to the Orcish Mines.
 13092 | D:9      | Found a shadowy altar of Dithmenos.
 13276 | D:8      | Noticed a two-headed ogre
 13301 | D:8      | Killed a two-headed ogre
 13514 | D:8      | Reached skill level 5 in Poison Magic
 13808 | Temple   | Entered the Ecumenical Temple
 13916 | Temple   | Became a worshipper of Vehumet
 13930 | Temple   | Learned a level 3 spell: Ignite Poison
 13935 | Temple   | Learned a level 3 spell: Mephitic Cloud
 14161 | D:9      | Noticed Grum
 14184 | D:9      | Killed Grum
 14456 | D:9      | Found a staircase to the Lair.
 14459 | D:9      | Noticed a centaur warrior
 14471 | D:9      | Killed a centaur warrior
 14471 | D:9      | Reached XP level 12. HP: 96/96 MP: 2/12
 15175 | D:12     | Reached * piety under Vehumet
 15175 | D:12     | Offered knowledge of Sandblast by Vehumet.
 15913 | Lair:1   | Entered Level 1 of the Lair of Beasts
 15995 | Lair:1   | Reached skill level 10 in Poison Magic
 16214 | Lair:1   | Reached skill level 1 in Spellcasting
 16214 | Lair:1   | Reached skill level 1 in Transmutations
 16226 | Lair:1   | Reached skill level 10 in Fighting
 16748 | Lair:1   | Identified Sif Muna's Papyrus of the Virous Arsonist
 16994 | Lair:2   | Noticed a seven-headed hydra
 17129 | Lair:2   | Noticed Maggie
 17141 | Lair:2   | Killed Maggie
 18777 | Lair:3   | Reached ** piety under Vehumet
 19215 | Lair:3   | Got a twitching glass ring
 19218 | Lair:3   | Identified the ring of Noall {*Tele rF+ rC- Str+3} (You
                  | found it on level 3 of the Lair of Beasts)
 19362 | Lair:4   | Reached XP level 13. HP: 105/105 MP: 18/20
 19457 | Lair:4   | Found a staircase to the Shoals.
 19471 | Lair:4   | Reached skill level 5 in Spellcasting
 19472 | Lair:4   | Offered knowledge of Searing Ray by Vehumet.
 20026 | Lair:4   | Found a hole to the Spider Nest.
 20165 | Shoals:1 | Entered Level 1 of the Shoals
 20167 | Shoals:1 | Noticed a merfolk impaler
 20176 | Shoals:1 | HP: 5/106 [hippogriff (5)]
 20233 | Shoals:1 | Reached skill level 5 in Transmutations
 20534 | Shoals:1 | Reached skill level 10 in Dodging
 20754 | Shoals:1 | Killed a merfolk impaler
 20769 | Shoals:1 | Offered knowledge of Stone Arrow by Vehumet.
 20815 | Shoals:1 | Learned a level 3 spell: Stone Arrow
 20862 | Shoals:1 | Cast into level 3 of the Abyss (merfolk)
 21151 | Abyss:3  | Slain by a spatial maelstrom

Illustrated notes

Levels and vault maps discovered:
D:1:      erik_arrival_triangle_small, layout_rooms, chequers_jeans,
          kennysheep_minor_cross, minmay_misc_feat_rows, minmay_quantized
D:2:      layout_basic, st_stairs_10
D:3:      layout_loops_ring, kennysheep_generic_room_4
D:4:      layout_loops_ring, first_ration, serial_shops, shop,
          grunt_decor_resistance, uniq_duvessa, uniq_blork_the_orc
D:5:      layout_layer_cave, minmay_temple_entry_trees, kennysheep_windowed_goal
D:6:      layout_loops_ring, serial_shops, kennysheep_mini,
          gammafunk_ghost_mausoleum, basic_altar, uniq_prince_ribbit1
D:7:      layout_rooms, grunt_livestock, hangedman_glass_teeth
D:8:      minmay_cornered_nines, layout_basic
D:9:      layout_loops_cross, grunt_dithmenos_shadows, dpeg_oklobed_lair,
          uniq_grum
D:10:     layout_irregular_city
D:11:     layout_basic, serial_shops, shop, nicolae_shop_crystal,
          nicolae_shop_overgrown_old_shop, abandoned_shop
D:12:     cheibrodos_statue_roulette, layout_long_grid
D:13:     layout_roguey, david_vaults_2, minmay_misc_feat_rugged
Temple:   compressed_dpeg_triangle_lava_temple
Lair:1:   layout_concentric_octagons, serial_bayou_crossing, lemuel_fruit_tree,
          grunt_megastairs_2, infiniplex_staircase_pool, serial_bayou_shore_b,
          serial_bayou_shore_a
Lair:2:   layout_small_grid, uniq_maggie
Lair:3:   layout_chaotic_city, minmay_lindwurm_lava
Lair:4:   layout_gridlike, minmay_shoals_entry_beasts, spider_nest_entry_a,
          chequers_serial_rivers_marsh, serial_bayou_shore_b
Shoals:1: layout_shoals, nicolae_shoals_kraken_intersection
Abyss:3:  base: Lair:1, evilmike_nicolae_abyss_rune_containment_curve,
          evilmike_abyss_rune_elephants_shrine, due_exit_kobolds

Skill      XL: |  1  2  3  4  5  6  7  8  9 10 11 12 13 |
---------------+----------------------------------------+-----
Polearms       | 5 6 7 8 9 11 13 14 | 14.0
Stealth        | 1 2 3 4 5 |  5.7
Dodging        | 5 6 7 8 9 10 | 10.2
Fighting       | 3 4 5 7 9 10 12 | 12.0
Armour         | 1 3 4 5 6 |  6.2
Throwing       | 3 4 5 6 7 |  7.4
Poison Magic   | 7 10 | 10.0
Spellcasting   | 4 7 |  7.9
Transmutations | 3 5 |  5.8

Action                   |  1- 3 |  4- 6 |  7- 9 | 10-12 | 13-15 || total
-------------------------+-------+-------+-------+-------+-------++-------
Melee: Trident           |   132 |   207 |    61 |       |       ||   400
       Tailslap          |     2 |       |       |       |     3 ||     5
       Spear             |       |       |   250 |   832 |   149 ||  1231
Throw: Dart              |       |    35 |    50 |    84 |     1 ||   170
       Throwing net      |       |     3 |       |       |       ||     3
 Cast: Olgreb's Toxic Ra |       |       |       |    15 |    19 ||    34
       Mephitic Cloud    |       |       |       |    10 |     8 ||    18
       Ignite Poison     |       |       |       |    19 |    23 ||    42
Evoke: Wand              |       |       |       |    36 |       ||    36
  Use: Scroll            |     1 |     5 |     6 |    21 |    12 ||    45
       Potion            |     1 |       |       |     5 |     5 ||    11
 Stab: Sleeping          |     4 |     6 |     6 |    25 |     1 ||    42
       Distracted        |       |     1 |       |       |     1 ||     2
       Held in net/web   |       |     1 |       |       |       ||     1
       Confused          |       |       |       |     5 |     2 ||     7
       Paralysed         |       |       |       |     3 |       ||     3
  Eat: Ration            |     1 |     1 |       |     5 |     3 ||    10
       Chunk             |       |     6 |    11 |    33 |     2 ||    52
Armor: Leather armour    |    18 |    27 |       |       |       ||    45
       Skin              |    20 |       |       |       |       ||    20
       Ring mail         |       |    12 |    40 |    40 |       ||    92
       Troll leather arm |       |       |       |    36 |       ||    36
       Steam dragon scal |       |       |       |     9 |    16 ||    25
Dodge: Dodged            |   108 |   131 |   128 |   329 |    97 ||   793

Table legend:
 A = Non-vault XP
 B = Vault XP
 C = Vault XP percentage of total XP
 D = Non-vault monster count
 E = Vault monster count
 F = Vault count percentage of total count
                 A         B        C        D         E       F
            +---------+---------+-------+---------+---------+-------
      Total |   36792 |    9879 |  21.2 |     335 |      43 |  11.4
            +---------+---------+-------+---------+---------+-------
        D:1 |      57 |       5 |   8.1 |      29 |       3 |   9.4
        D:2 |      97 |       4 |   4.0 |      31 |       2 |   6.1
        D:3 |      54 |       0 |   0.0 |      18 |       0 |   0.0
        D:4 |     451 |     323 |  41.7 |      19 |       3 |  13.6
        D:5 |     385 |      16 |   4.0 |      16 |       1 |   5.9
        D:6 |     855 |     286 |  25.1 |      12 |       1 |   7.7
        D:7 |     962 |     994 |  50.8 |      17 |       5 |  22.7
        D:8 |    1247 |     440 |  26.1 |      12 |       3 |  20.0
        D:9 |    3120 |     431 |  12.1 |      19 |       4 |  17.4
       D:10 |    1472 |       0 |   0.0 |      18 |       0 |   0.0
       D:11 |    4171 |       0 |   0.0 |      37 |       0 |   0.0
       D:12 |    4425 |    1660 |  27.3 |      35 |       4 |  10.3
       D:13 |     412 |       0 |   0.0 |       2 |       0 |   0.0
     Lair:1 |    1848 |    1819 |  49.6 |       8 |       9 |  52.9
     Lair:2 |    1236 |     404 |  24.6 |       8 |       1 |  11.1
     Lair:3 |    1750 |    2511 |  58.9 |       8 |       4 |  33.3
     Lair:4 |    3526 |     986 |  21.9 |      21 |       3 |  12.5
   Shoals:1 |   10687 |       0 |   0.0 |      24 |       0 |   0.0
    Abyss:3 |      37 |       0 |   0.0 |       1 |       0 |   0.0
            +---------+---------+-------+---------+---------+-------
